 Dungeon Crawl Stone Soup version 0.28-a0-1312-g71652a0310 (webtiles) character file.

Game seed: 15944013023997669605

686 Gwenloh the Chopper (level 7, -2/61 HPs)
             Began as a Hill Orc Cinder Acolyte on Dec 28, 2021.
             Was an Elder of Ignis.
             Slain by Pikel (8 damage)
             ... on level 4 of the Dungeon.
             The game lasted 00:12:39 (6483 turns).

Gwenloh the Chopper (Hill Orc Cinder Acolyte)       Turns: 6483, Time: 00:12:40

Health: -2/61      AC:  8    Str: 17    XL:     7   Next: 62%
Magic:  1/10       EV:  8    Int: 14    God:    Ignis [****..]
Gold:   168        SH:  5    Dex:  8    Spells: 9/11 levels left

rFire   + . .      SeeInvis .   a - -1 hand axe (flame)
rCold   . . .      Faith    .   d - +0 kite shield {AC+3}
rNeg    . . .      Spirit   .   p - +1 robe {Will+}
rPois   +          Reflect  .   l - +0 helmet
rElec   .          Harm     .   (no cloak)
rCorr   .          Rampage  .   (no gloves)
Will    +....                   q - +0 pair of boots
Stlth   +.........              (no amulet)
HPRegen 0.20/turn               g - ring of wizardry
MPRegen 0.12/turn               w - ring of poison resistance

@: no status effects
A: no striking features
a: Renounce Religion, Fiery Armour, Foxfire Swarm, Rising Flame


You were on level 4 of the Dungeon.
You worshipped Ignis.
Ignis was greatly pleased with you.
You visited 1 branch of the dungeon, and saw 4 of its levels.

You collected 168 gold pieces.

Inventory:

Hand Weapons
 a - a -1 hand axe of flaming (weapon)
 b - a +0 hunting sling
Missiles
 i - 117 stones (quivered)
Armour
 d - a +0 kite shield of protection (worn)
 l - a +0 helmet (worn)
 p - a +1 robe of willpower (worn)
 q - a +0 pair of boots (worn)
Jewellery
 g - a ring of wizardry (left hand)
 w - a ring of poison resistance (right hand)
 x - a ring of wizardry
 B - a +4 ring of slaying
Scrolls
 e - a scroll of brand weapon {unknown}
 h - a scroll of enchant armour
 j - a scroll of teleportation
 k - a scroll of enchant weapon {unknown}
 s - a scroll of vulnerability {unknown}
 t - a scroll of magic mapping {unknown}
 u - a scroll of noise {unknown}
 y - a scroll of fear {unknown}
 A - a scroll of holy word {unknown}
Potions
 c - a potion of magic {unknown}
 f - a potion of mutation {unknown}
 m - a potion of ambrosia {unknown}
 n - a potion of haste {unknown}
 o - a potion of curing {unknown}
 r - a potion of might {unknown}
 v - a potion of heal wounds {unknown}
 z - a potion of berserk rage {unknown}


   Skills:
 + Level 5.4 Fighting
 * Level 7.4 Axes
 + Level 3.1 Armour
 + Level 2.5 Spellcasting
 + Level 4.8 Fire Magic


You had 9 spell levels left.
You knew the following spells:

 Your Spells              Type           Power      Damage    Failure   Level
a - Scorch                Fire           30%        2d7       13%         2

Your spell library contained the following spells:

 Spells                   Type           Power      Damage    Failure   Level
 Tukima's Dance           Hex            1%         N/A       86%         3
 Passage of Golubria      Tloc           1%         N/A       99%         4
 Yara's Violent Unravell  Hex/Tmut       0%         3d3       100%        5


Dungeon Overview and Level Annotations

Branches:
Dungeon (4/15)             Temple (0/1) D:4

Altars:

Shops:
D:3 :

Annotations:
D:4 Pikel


Message History

Pikel freezes you.
You hit Pikel but do no damage.
Pikel is severely wounded.
Pikel closely misses you.
Casting: Scorch (safe; 13% risk of failure)
Confirm with . or Enter, or press ? or * to list all spells.
You don't have enough magic to cast this spell.
You barely miss Pikel.
Pikel is severely wounded.
Pikel barely misses you.
Your magical contamination has completely faded away.
You closely miss Pikel.
Pikel is severely wounded.
Pikel completely misses you.
You miss Pikel.
Pikel is severely wounded.
Pikel hits you with a +2 whip of freezing!
* * * LOW HITPOINT WARNING * * *
Pikel freezes you.
* * * LOW HITPOINT WARNING * * *
Pikel hits you with a +2 whip of freezing!
* * * LOW HITPOINT WARNING * * *
Pikel freezes you.
* * * LOW HITPOINT WARNING * * *
Casting: Scorch (safe; 13% risk of failure)
Confirm with . or Enter, or press ? or * to list all spells.
You don't have enough magic to cast this spell.
The lemure shouts!
Casting: Scorch (safe; 13% risk of failure)
Confirm with . or Enter, or press ? or * to list all spells.
You miscast Scorch.
You are very lightly contaminated with residual magic.
Nothing appears to happen.
You block Pikel's attack.
Pikel says, "Time is money, and you're costing me too much!"
Your magical contamination has completely faded away.
Activating: Foxfire Swarm
Press: ? - help, Dir - look around, f - activate Flames leap up around you!
Pikel hits you with a +2 whip of freezing!
You die...

.........#..##...................
##.......#.......>######...####.#
##########....รท..# #...# #.#
#####.### #...# #.. ### #.#
#...#####. ##.## #.# #.........
#####...## ###v##### #...#####.
.........## #.vvvvv.####......###
###.......###.vv@vv.......###.# #
##..........vK###<####..###.# #
##>..#####.v#............#.###
##.## #.5#.##.####......... ###
#..#.##.####..#.#.###
#....(...............
#.##.##.#####.######. #.# .##.#
#.# #.# .# #.#


You could see Pikel (ally target) and a lemure (ally target).

Vanquished Creatures
  Sigmund (D:2)
  A necrophage (D:4)
  An ogre (D:3)
  3 lemures
  A phantom (D:3)
  A scorpion (D:4)
  An orc priest (D:3)
  Jessica (D:2)
  Robin (D:2)
  3 adders
  A gnoll (D:1)
  An adder skeleton (D:4)
  4 dart slugs
  4 orcs
  2 bats
  9 endoplasms
  6 giant cockroaches
  10 hobgoblins
  4 jackals
  5 quokkas
  5 ball pythons
  6 frilled lizards
  14 goblins
  6 kobolds
  10 rats
101 creatures vanquished.

Notes
Turn   | Place    | Note
-------+----------+-------------------------------------------
     0 | D:1      | Gwenloh the Hill Orc Cinder Acolyte began the quest for the
                  | Orb.
     0 | D:1      | Reached XP level 1. HP: 19/19 MP: 2/2
   600 | D:1      | Reached XP level 2. HP: 10/27 MP: 3/3
  1077 | D:1      | Reached XP level 3. HP: 23/33 MP: 4/4
  1191 | D:1      | Learned a level 2 spell: Scorch
  1367 | D:1      | Reached skill level 1 in Armour
  2184 | D:2      | Noticed Robin
  2412 | D:2      | Reached XP level 4. HP: 40/40 MP: 6/6
  2415 | D:2      | Killed Robin
  2416 | D:2      | Reached skill level 5 in Axes
  2530 | D:2      | Noticed Jessica
  2554 | D:2      | Killed Jessica
  3182 | D:2      | Reached XP level 5. HP: 46/46 MP: 0/7
  3403 | D:2      | Noticed Sigmund
  3473 | D:2      | Killed Sigmund
  3474 | D:2      | Reached skill level 6 in Axes
  3474 | D:2      | Reached XP level 6. HP: 20/55 MP: 2/9
  4633 | D:3      | Found Rekotoes's Book Shoppe.
  4859 | D:3      | Reached skill level 5 in Fighting
  4859 | D:3      | Reached XP level 7. HP: 61/61 MP: 1/10
  5474 | D:4      | Noticed Pikel
  5674 | D:3      | Reached skill level 7 in Axes
  5845 | D:3      | Identified a scroll of acquirement
  5847 | D:3      | Acquired a +0 kite shield of protection
  6276 | D:4      | Found a staircase to the Ecumenical Temple.
  6483 | D:4      | Slain by Pikel

Illustrated notes

Levels and vault maps discovered:
D:1:      psy_arrival_fountain, layout_basic
D:2:      layout_basic, uniq_robin, uniq_jessica, uniq_sigmund
D:3:      layout_loops_corners, serial_shops, nicolae_shop_trees
D:4:      layout_loops_cross, minmay_temple_entry_antechambers, uniq_pikel

Skill      XL: |  1  2  3  4  5  6  7 |
---------------+----------------------+-----
Armour         | 1 2 3 |  3.1
Fighting       | 4 5 |  5.4
Axes           | 5 6 7 |  7.4
Spellcasting   | 2 |  2.5
Fire Magic     | 4 |  4.8

Action                   |  1- 3 |  4- 6 |  7- 9 || total
-------------------------+-------+-------+-------++-------
Melee: Hand axe          |    81 |    18 |    14 ||   113
 Fire: Hunting sling     |       |    35 |    25 ||    60
Throw: Stone             |     1 |     1 |       ||     2
 Cast: Scorch            |    20 |    49 |    39 ||   108
Invok: Fiery Armour      |     2 |       |       ||     2
       Foxfire Swarm     |       |       |     1 ||     1
  Use: Scroll            |       |       |     4 ||     4
 Stab: Sleeping          |     1 |       |       ||     1
Armor: Robe              |    10 |     4 |     8 ||    22
Dodge: Dodged            |    28 |     8 |    13 ||    49
Block: Kite shield       |       |       |     6 ||     6

Table legend: (Time is in decaauts)
 A = Elapsed time spent in this place.
 B = Non-inter-level travel time spent in this place.
 C = Inter-level travel time spent in this place.
 D = Time resting spent in this place.
 E = Time spent auto-exploring this place.
 F = Levels seen in this place.
 G = Mean time per level.
                   A        B        C        D        E       F      G
               +--------+--------+--------+--------+--------+-----+--------+
         Total |   6499 |   6418 |     81 |    675 |   4836 |   4 | 1624.8 |
       Dungeon |   6499 |   6418 |     81 |    675 |   4836 |   4 | 1624.8 |
               +--------+--------+--------+--------+--------+-----+--------+

Top non-repeatable levels by time:
     D:1: 2144 daAuts
     D:2: 2074 daAuts
     D:3: 1533 daAuts
     D:4: 747 daAuts
